 Dungeon Crawl Stone Soup version 0.26.0-10-g1f06aea511 (webtiles) character file.

Game seed: 2986880807658032506

66261 MisterFreud the Severer (level 14, -4/129 HPs)
             Began as a Deep Dwarf Fighter on Jan 16, 2021.
             Was the Champion of Makhleb.
             Killed from afar by a fire dragon (56 damage)
             ... with a blast of flame
             ... on level 15 of the Dungeon.
             The game lasted 00:25:13 (14249 turns).

MisterFreud the Severer (Deep Dwarf Fighter)       Turns: 14249, Time: 00:25:14

Health: -4/129     AC: 13    Str: 24    XL:     14   Next: 78%
Magic:  10/10      EV: 14    Int: 13    God:    Makhleb [******]
Gold:   652        SH: 14    Dex: 12    Spells: 13/13 levels left

rFire    . . .     SeeInvis +   H - +9 broad axe (vamp)
rCold    . . .     Faith    .   c - +1 kite shield
rNeg     + . .     Spirit   .   b - +0 scale mail
rPois    .         Reflect  .   (no helmet)
rElec    .         Harm     .   D - +0 cloak
rCorr    .         Rampage  .   (no gloves)
Will     ++++.                  P - +1 pair of boots {Fly}
Stlth    ..........             (no amulet)
HPRegen  0.00/turn              L - ring of the Mage {Wiz Will++ Int+3}
MPRegen  0.12/turn              k - ring of see invisible

@: flying, non-regenerating, studying Necromancy
A: damage resistance, heal wounds, negative energy resistance 1, sense
surroundings 2, no regeneration
a: Heal Wounds, Stop Flying, Renounce Religion, Minor Destruction, Lesser
Servant of Makhleb, Major Destruction, Greater Servant of Makhleb


You were on level 15 of the Dungeon.
You worshipped Makhleb.
Makhleb was exalted by your worship.
You visited 3 branches of the dungeon, and saw 22 of its levels.
You also visited: Ossuary.

You collected 1427 gold pieces.
You spent 775 gold pieces at shops.

Inventory:

Hand Weapons
 a - a +0 flail of protection
 H - a +9 vampiric broad axe (weapon)
Missiles
 w - a throwing net
Armour
 b - a +0 scale mail (worn)
 c - a +1 kite shield (worn)
 D - a +0 cloak (worn)
 J - a +0 crystal plate armour
 P - a +1 pair of boots of flying (worn)
Jewellery
 k - a ring of see invisible (right hand)
 z - an uncursed ring of positive energy
 L - the ring of the Mage (left hand) {Wiz Will++ Int+3}
   (You bought it in a shop on level 8 of the Dungeon)

   [ring of wizardry]

   It improves your spell success rate.
   It affects your intelligence (+3).
   It affects your willpower, your defense against some magical effects.
 O - an uncursed ring of positive energy
 U - a +6 ring of intelligence {unknown}
 V - an uncursed ring of protection from fire {unknown}
Wands
 B - a wand of paralysis (10)
 E - a wand of iceblast (19)
 I - a wand of disintegration (29)
 K - a wand of polymorph (13)
 M - a wand of flame (48)
 N - a wand of acid (10)
 Z - a wand of random effects (15)
Scrolls
 e - 3 scrolls of enchant armour
 g - 4 scrolls of enchant weapon
 h - 14 scrolls of remove curse
 j - 2 scrolls of fear
 p - 7 scrolls of blinking
 q - 3 scrolls of magic mapping
 r - 5 scrolls of teleportation
 u - 4 scrolls of amnesia
 y - 6 scrolls of identify
 G - a scroll of fog
 S - a scroll of vulnerability
 W - 2 scrolls of brand weapon {unknown}
Potions
 d - 4 potions of might
 f - 5 potions of invisibility
 l - 2 potions of ambrosia
 m - 5 potions of cancellation
 n - 8 potions of flight
 o - 8 potions of heal wounds
 s - 2 potions of haste
 t - 5 potions of attraction
 v - a potion of berserk rage
 x - 5 potions of degeneration
 A - 3 potions of brilliance
 C - 5 potions of lignification
 F - 6 potions of curing
 R - 2 potions of resistance
Books
 X - a manual of Necromancy
Miscellaneous
 i - a tin of tremorstones (2/2)
 Q - a phial of floods
 T - a phial of floods


   Skills:
 + Level 9.3 Fighting
 - Level 20.0 Axes
 + Level 12.7 Armour
 - Level 8.0 Dodging
 + Level 12.7 Shields


You had 13 spell levels left.
You didn't know any spells.
Your spell library contained the following spells:

 Spells                   Type           Power        Failure   Level
 Animate Skeleton         Necr           0%           32%         1
 Foxfire                  Conj/Fire      0%           32%         1
 Magic Dart               Conj           0%           32%         1
 Pain                     Necr           0%           32%         1
 Sandblast                Erth           0%           32%         1
 Summon Small Mammal      Summ           0%           32%         1
 Blink                    Tloc           N/A          43%         2
 Call Imp                 Summ           0%           43%         2
 Passwall                 Tmut/Erth      0%           43%         2
 Slow                     Hex            0%           43%         2
 Call Canine Familiar     Summ           0%           65%         3
 Conjure Flame            Conj/Fire      0%           65%         3
 Inner Flame              Hex/Fire       0%           65%         3
 Mephitic Cloud           Conj/Pois/Air  0%           65%         3
 Stone Arrow              Conj/Erth      0%           65%         3
 Summon Guardian Golem    Hex/Summ       0%           65%         3
 Vampiric Draining        Necr           0%           65%         3
 Animate Dead             Necr           0%           95%         4
 Petrify                  Tmut/Erth      0%           95%         4
 Sticky Flame             Conj/Fire      0%           95%         4
 Summon Ice Beast         Ice/Summ       0%           95%         4
 Summon Lightning Spire   Summ/Air       0%           95%         4
 Agony                    Necr           0%           100%        5
 Fireball                 Conj/Fire      0%           100%        5
 Lee's Rapid Deconstruct  Erth           0%           100%        5
 Silence                  Hex/Air        0%           100%        5
 Conjure Ball Lightning   Conj/Air       0%           100%        6
 Tornado                  Air            0%           100%        9


Dungeon Overview and Level Annotations

Branches:
Dungeon (15/15)            Temple (1/1) D:4            Lair (6/6) D:11
  Swamp (0/4) Lair:3        Snake (0/4) Lair:4        Slime (0/5) Lair:5
    Orc (0/2) D:11         Vaults (0/5) D:14        Ossuary (visited)
 Depths: D:15

Altars:
Ashenzari
Cheibriados
Elyvilon
Hepliaklqana
Kikubaaqudgha
Makhleb
Okawaru
Sif Muna
Uskayaw
Wu Jian
Xom
Zin
Beogh
Jiyva

Shops:
D:8 =   D:9 =   D:10 (

Portals:
Abyss: Lair:1

Annotations:
D:4 2 transporters, 3 runed translucent doors, kthxbai's ghost, amateur TeAE
D:9 exclusion: orange crystal statue
Lair:1 2 transporters, Imnulubo's ghost, novice TeFE
Lair:2 3 runed translucent doors, Reubyar's ghost, journeyman MiBe
Lair:3 Rupert
Lair:5 3 runed translucent doors, exclusion: 2 oklob plants, Bolunijamo's ghost, journeyman GnFi


Innate Abilities, Weirdness & Mutations

You are resistant to damage.
You can heal yourself by infusing magical energy.
You resist negative energy. (rN+)
You passively map the area around you.
You do not regenerate.


Message History

The blast of flame hits you!!!
* * * LOW HITPOINT WARNING * * *
You are too injured to fight recklessly!
You are too injured to fight recklessly!
Your shield and scale mail prevent you from hitting the fire dragon.
The fire dragon bites you. The fire dragon completely misses you.
The fire dragon misses you.
Your magical essence is drained by the effort!
You feel much better. You block the fire dragon's attack. x2
The fire dragon misses you.
Unknown command.
You feel much better. The fire dragon breathes flames at you.
The blast of flame hits you!!!
* * * LOW HITPOINT WARNING * * *
Unknown command.
You feel much better. The fire dragon breathes flames at you.
The blast of flame hits you!!!
You die...

##. .## #$.
.$# #$. .$#
#$. .(# *
#$. .$# ,,
,* #..#..# *
#.D.# *
####D#*
##.##@#
#.....# *
#..8..# *
#....## *,*
#...## #..##
* #.##
######.####
...........#


You could see 2 fire dragons.

Vanquished Creatures
  Snorg (Lair:6)
  A vault guard (D:14)
  3 hydras
  A boulder beetle (D:11)
  3 catoblepae (Lair:6)
  2 centaur warriors
  3 two-headed ogres
  14 death yaks
  Nergalle (D:12)
  A fire crab (shapeshifter) (D:14)
  An unseen horror (D:14)
  A lindwurm (Lair:2)
  A wolf spider zombie (D:14)
  A deep elf mage (D:13)
  2 manticores (Lair:6)
  An ugly thing (D:12)
  A cyclops (D:11)
  2 centaur zombies
  4 black mambas
  11 elephants
  10 cane toads
  A kobold demonologist (D:14)
  A centaur skeleton (D:12)
  A rime drake (Lair:5)
  8 komodo dragons
  2 polar bears
  4 trolls
  15 slime creatures
  A harpy skeleton (D:11)
  18 blink frogs
  Sigmund (D:5)
  A wraith (D:12)
  A shadow (D:14)
  8 wyverns
  Eustachio (D:4)
  72 yaks
  A steam dragon (D:11)
  10 basilisks
  4 wargs (D:11)
  9 vampire mosquitoes
  15 water moccasins
  An acid dragon (D:9)
  2 soldier ants (D:12)
  4 orc warriors
  3 black bears
  2 sky beasts (D:14)
  5 ice beasts
  2 phantoms
  An eye of draining (D:14)
  4 centaurs
  2 necrophages
  10 wolves
  9 ogres
  3 big kobolds
  A gnoll sergeant (D:9)
  15 bullfrogs
  A scorpion (Lair:2)
  A wyvern skeleton (D:10)
  10 killer bees
  19 wights
  4 howler monkeys
  7 hounds
  4 jellies
  Crazy Yiuf (D:5)
  2 bullfrog skeletons
  7 orc priests
  An iguana (D:6)
  8 orc wizards
  12 worker ants
  A killer bee zombie (D:4)
  5 big kobold zombies (Ossuary)
  A hound zombie (D:5)
  A hound skeleton (D:11)
  A mummy (Ossuary)
  A howler monkey zombie (D:11)
  10 adders
  11 gnolls
  3 shadow imps
  A white imp (D:5)
  2 ufetubi
  An adder zombie (D:9)
  2 worms
  6 leopard geckos
  35 orcs
  A giant cockroach (D:1)
  7 gnoll zombies (Ossuary)
  6 goblins
  6 hobgoblins
  3 jackals (D:7)
  A quokka (D:4)
  10 bats
  3 bat simulacra (Ossuary)
  7 frilled lizards
  2 goblin simulacra (Ossuary)
  6 goblin zombies (Ossuary)
  6 hobgoblin zombies (Ossuary)
  A jackal skeleton (D:4)
  18 kobolds
  3 kobold zombies (Ossuary)
  3 orc zombies (Ossuary)
  A quokka skeleton (D:5)
  A quokka zombie (D:9)
  3 rats
  2 rat simulacra (Ossuary)
  4 spectral goblins (Ossuary)
  3 spectral kobolds (Ossuary)
558 creatures vanquished.

Vanquished Creatures (others)
  2 bushes
  21 fungi
  49 plants
72 creatures vanquished.

Grand Total: 630 creatures vanquished

Notes
Turn   | Place    | Note
-------+----------+-------------------------------------------
     0 | D:1      | MisterFreud the Deep Dwarf Fighter began the quest for the
                  | Orb.
     0 | D:1      | Reached XP level 1. HP: 20/20 MP: 1/1
   194 | D:1      | Reached skill level 3 in Axes
   195 | D:1      | Reached XP level 2. HP: 25/27 MP: 2/2
   426 | D:2      | Reached XP level 3. HP: 27/33 MP: 3/3
   432 | D:2      | Reached skill level 4 in Axes
   709 | D:2      | Reached skill level 5 in Axes
   709 | D:2      | Reached XP level 4. HP: 40/40 MP: 3/3
  1447 | D:3      | Reached XP level 5. HP: 38/46 MP: 4/4
  1544 | D:3      | Reached skill level 6 in Axes
  2050 | D:4      | Reached skill level 7 in Axes
  2050 | D:4      | Reached XP level 6. HP: 27/55 MP: 5/5
  2085 | D:4      | Found a transporter.
  2133 | D:4      | Noticed Eustachio
  2215 | D:4      | Killed Eustachio
  2216 | D:4      | Reached skill level 8 in Axes
  2242 | D:4      | Reached skill level 1 in Dodging
  2242 | D:4      | Reached XP level 7. HP: 22/61 MP: 5/5
  2299 | D:4      | Found a transporter.
  2305 | D:4      | Found a staircase to the Ecumenical Temple.
  2317 | Temple   | Entered the Ecumenical Temple
  2340 | Temple   | Became a worshipper of Makhleb the Destroyer
  2574 | D:4      | Found a runed translucent gate.
  2575 | D:4      | Found a runed translucent gate.
  2575 | D:4      | Noticed kthxbai's ghost (amateur TeAE)
  2849 | D:4      | Found a runed translucent gate.
  2849 | D:4      | Found a roughly hewn altar of Beogh.
  2881 | D:5      | Entered Level 5 of the Dungeon
  2925 | D:5      | Noticed Sigmund
  2929 | D:5      | Found the +3 warlock's mirror {reflect}
  2937 | D:5      | Killed Sigmund
  2965 | D:5      | Reached XP level 8. HP: 16/68 MP: 6/6
  3044 | D:5      | Found an iron altar of Okawaru.
  3273 | D:5      | Found a hide-covered altar of Uskayaw.
  3311 | D:5      | Found a runed translucent door.
  3312 | D:5      | Noticed Crazy Yiuf
  3339 | D:5      | Reached skill level 5 in Armour
  3339 | D:5      | Reached skill level 5 in Shields
  3367 | D:5      | Killed Crazy Yiuf
  3451 | D:6      | Reached skill level 9 in Axes
  3883 | D:7      | Reached * piety under Makhleb
  3941 | D:7      | Found a sand-covered staircase.
  3950 | Ossuary  | Entered an ossuary
  4071 | Ossuary  | Gained mutation: You passively map the area around you.
                  | [Deep Dwarf growth]
  4071 | Ossuary  | Reached XP level 9. HP: 45/74 MP: 7/7
  4183 | Ossuary  | Reached ** piety under Makhleb
  4206 | Ossuary  | Reached skill level 5 in Dodging
  4779 | D:7      | Found a burning altar of Makhleb.
  4779 | D:7      | Noticed a blizzard demon
  4782 | D:7      | Noticed an orange demon
  5060 | D:8      | Found Laedwyut's Jewellery Shop.
  5387 | D:9      | Found Looll's Jewellery Boutique.
  5409 | D:9      | Found a glowing silver altar of Zin.
  5447 | D:9      | Reached skill level 10 in Axes
  5626 | D:9      | Noticed an orange crystal statue
  5735 | D:9      | Reached *** piety under Makhleb
  5832 | D:10     | Entered Level 10 of the Dungeon
  5832 | D:10     | Found Qaso Xie's Antique Weapon Shoppe.
  6028 | D:10     | Identified a scroll of acquirement
  6028 | D:10     | Acquired a +4 vampiric broad axe
  6304 | D:10     | Reached XP level 10. HP: 78/81 MP: 7/7
  6453 | D:11     | Reached **** piety under Makhleb
  6511 | D:11     | Reached skill level 11 in Axes
  6572 | D:11     | Acquired a manual of Axes
  6747 | D:9      | Identified the +8 rapier of Laceration {vamp, Will+ Dex+3
                  | SInv}
  6747 | D:9      | Identified the +5 ring mail of the Three of Swords {rF++
                  | Will++ Dex+2}
  6857 | D:11     | Noticed a two-headed ogre
  6863 | D:11     | Killed a two-headed ogre
  6864 | D:11     | Reached skill level 13 in Axes
  6972 | D:11     | Found a staircase to the Lair.
  7076 | D:11     | Reached skill level 14 in Axes
  7081 | D:11     | Reached XP level 11. HP: 87/88 MP: 8/8
  7142 | D:11     | Found a staircase to the Orcish Mines.
  7228 | D:11     | Reached skill level 15 in Axes
  7286 | D:11     | Noticed a boulder beetle
  7306 | D:11     | Killed a boulder beetle
  7306 | D:11     | Reached ***** piety under Makhleb
  7340 | D:11     | Reached skill level 16 in Axes
  7516 | Lair:1   | Entered Level 1 of the Lair of Beasts
  7601 | Lair:1   | Noticed a four-headed hydra
  7623 | Lair:1   | Killed a four-headed hydra
  7690 | Lair:1   | Noticed a green ugly thing
  7691 | Lair:1   | Identified the +10 trident of the Sky {distort, +Fly rPois
                  | Int+7}
  7691 | Lair:1   | Noticed a spriggan rider
  7756 | Lair:1   | Found a transporter.
  7788 | Lair:1   | Reached skill level 17 in Axes
  7931 | Lair:1   | Noticed a thrashing horror
  7931 | Lair:1   | Noticed a red very ugly thing
  7932 | Lair:1   | Identified the ring of Usoedout {+Fly Stlth+}
  7935 | Lair:1   | Found a transporter.
  7935 | Lair:1   | Noticed Imnulubo's ghost (novice TeFE)
  7959 | Lair:1   | Found a one-way gate to the infinite horrors of the Abyss.
  7967 | Lair:1   | Noticed a red ugly thing
  8229 | Lair:2   | Found a runed translucent gate.
  8230 | Lair:2   | Found a runed translucent gate.
  8231 | Lair:2   | Found a runed translucent gate.
  8232 | Lair:2   | Noticed Reubyar's ghost (journeyman MiBe)
  8243 | Lair:2   | Found a viscous altar of Jiyva.
  8287 | Lair:2   | Noticed a death yak
  8287 | Lair:2   | Noticed a death yak
  8288 | Lair:2   | Noticed a death yak
  8288 | Lair:2   | Noticed a death yak
  8289 | Lair:2   | Noticed a death yak
  8289 | Lair:2   | Noticed a death yak
  8310 | Lair:2   | Killed a death yak
  8311 | Lair:2   | Reached skill level 18 in Axes
  8317 | Lair:2   | Killed a death yak
  8329 | Lair:2   | Killed a death yak
  8336 | Lair:2   | Killed a death yak
  8337 | Lair:2   | Reached XP level 12. HP: 96/96 MP: 9/9
  8340 | Lair:2   | Killed a death yak
  8349 | Lair:2   | Killed a death yak
  8351 | Lair:2   | Reached skill level 19 in Axes
  9013 | Lair:3   | Noticed Rupert
  9019 | Lair:3   | Paralysed by Rupert for 2 turns
  9032 | Lair:3   | Reached skill level 20 in Axes
  9047 | Lair:3   | Found a staircase to the Swamp.
  9470 | Lair:3   | Paralysed by Rupert for 2 turns
  9499 | Lair:4   | Reached XP level 13. HP: 108/108 MP: 10/10
  9684 | Lair:4   | Reached skill level 5 in Fighting
  9742 | Lair:4   | Found a dark tunnel.
 10025 | Lair:4   | Found a staircase to the Snake Pit.
 10354 | Lair:5   | Reached skill level 10 in Shields
 10358 | Lair:5   | Reached skill level 10 in Armour
 10372 | Lair:5   | Found a staircase to the Slime Pits.
 10404 | Lair:5   | Found a runed translucent gate.
 10405 | Lair:5   | Found a runed translucent gate.
 10405 | Lair:5   | Noticed Bolunijamo's ghost (journeyman GnFi)
 10406 | Lair:5   | Found a runed translucent gate.
 10873 | Lair:6   | Entered Level 6 of the Lair of Beasts
 10972 | Lair:6   | Reached ****** piety under Makhleb
 11325 | Lair:6   | Noticed Snorg
 11336 | Lair:6   | Killed Snorg
 11438 | Lair:6   | Gained mutation: You resist negative energy. (rN+) [Deep
                  | Dwarf growth]
 11438 | Lair:6   | Reached XP level 14. HP: 123/123 MP: 11/11
 12067 | D:12     | Noticed Nergalle
 12088 | D:12     | Killed Nergalle
 12700 | D:8      | Bought the ring of the Mage {Wiz Will++ Int+3} for 775 gold
                  | pieces
 12700 | D:8      | Found the ring of the Mage {Wiz Will++ Int+3}
 13191 | D:13     | Found a hide-covered altar of Uskayaw.
 13801 | D:14     | Found a gate to the Vaults.
 14224 | D:15     | Entered Level 15 of the Dungeon
 14249 | D:15     | Killed from afar by a fire dragon

Illustrated notes

Levels and vault maps discovered:
D:1:      amcnicky_arrival_abandoned_market, layout_rooms, hex_tiny,
          minmay_pentomino_w2
D:2:      layout_loops_corners, chequers_serial_rivers_marsh,
          grunt_ministairs_10, kennysheep_generic_room_12
D:3:      layout_basic
D:4:      gammafunk_cloud_chamber, layout_basic, minmay_temple_entry_slanted,
          biasface_ghost_orc_armoury, uniq_eustachio
D:5:      layout_rooms, eat_drink_and_be_merry_uskayaw, okawaru_metal_pillars_3,
          uniq_sigmund, uniq_crazy_yiuf_cottage
D:6:      layout_rooms
D:7:      layout_gridville, nicolae_ossuary_entry_monument,
          minmay_misc_feat_five, makhleb_altar_promises_db
D:8:      layout_rooms, kennysheep_small_square
D:9:      layout_cave_pods, serial_shops, shop, basic_altar,
          minmay_protected_statue
D:10:     layout_gridville, serial_shops,
          nicolae_shop_temple_entry_statues_fountains, hex_large
D:11:     layout_roguey, minmay_lair_entry_grove, minmay_orc_entry_guard_dogs,
          grunt_ministairs_4
D:12:     layout_roguey, minmay_starry_boxes, uniq_nergalle
D:13:     layout_cave_pools, basic_altar, lemuel_flamethrower_2
D:14:     layout_irregular_city, david_vaults_5, kennysheep_donut
D:15:     grunt_enter_depths_hoard, layout_basic, minmay_misc_feat_nine_boxes,
          st_stairs_3
Temple:   regret_index_temple_sigil_plot
Lair:1:   layout_regular_city, gammafunk_ghost_abyssal_escape,
          beast_lair_carwin_6
Lair:2:   layout_misc_corridors, gammafunk_ghost_ooze
Lair:3:   layout_loops_ring, swamp_mist, uniq_rupert
Lair:4:   layout_roguey, dummy_snake_entry, nicolae_volcano_entry_lava_flow,
          chequers_serial_rivers_small_b
Lair:5:   layout_roguey, minmay_slime_entry_oklob_open,
          gammafunk_ghost_hydra_chop, st_stairs_9
Lair:6:   evilmike_catoblepas_cave, layout_gridlike, kennysheep_basilisk_garden,
          uniq_snorg

Skill      XL: |  1  2  3  4  5  6  7  8  9 10 11 12 13 14 |
---------------+-------------------------------------------+-----
Axes           | 3 5 7 8 9 10 14 18 20 | 20.0
Dodging        | 1 3 4 6 8 |  8.0
Armour         | 4 6 7 8 9 11 12 | 12.7
Shields        | 4 6 7 8 9 11 12 | 12.7
Fighting       | 4 7 9 |  9.3

Action                   |  1- 3 |  4- 6 |  7- 9 | 10-12 | 13-15 || total
-------------------------+-------+-------+-------+-------+-------++-------
Melee: War axe           |    93 |   197 |   513 |       |       ||   803
       Broad axe         |       |       |    13 |   471 |   688 ||  1172
       Flail             |       |       |       |    18 |    15 ||    33
 Abil: Heal Wounds       |     1 |     5 |    13 |     1 |     4 ||    24
  Use: Scroll            |       |     1 |    23 |    11 |       ||    35
Armor: Scale mail        |    63 |    92 |   141 |   146 |   149 ||   591
Dodge: Dodged            |    37 |    60 |   162 |   192 |   201 ||   652
Block: Kite shield       |    70 |   105 |   283 |   272 |   349 ||  1079
